[ PARTIDA AOE2 · #479364515 ]
UnrankedEslavos vs Vikings
[ ANÁLISIS DE REPETICIÓN · EXTRAÍDO DE LA PARTIDA GRABADA ]
Feudal
16:32
Castillos
24:15
Imperial
38:04
| APM promedio | 48.3 |
| APM pico | 108 |
| eAPM promedio | 34.8 |
| Aldeanos / militares | 272 / 351 |
Foco
⚔️ 53.5% · 🌾 46.5%
Spearman ×257 · Mangonel ×53 · Battering Ram ×28 · Trebuchet (Packed) ×13 · Unknown (1105) ×2
Feudal
17:52
Castillos
29:29
Imperial
34:53
| APM promedio | 21.7 |
| APM pico | 65 |
| eAPM promedio | 14.5 |
| Aldeanos / militares | 73 / 94 |
Foco
⚔️ 35.7% · 🌾 64.3%
Berserk ×87 · Trebuchet (Packed) ×7
Feudal
9:07
Castillos
21:30
Imperial
33:41
| APM promedio | 40.0 |
| APM pico | 84 |
| eAPM promedio | 21.1 |
| Aldeanos / militares | 111 / 431 |
Foco
⚔️ 51.7% · 🌾 48.3%
Spearman ×328 · Archer ×39 · Hand Cannoneer ×34 · Bombard Cannon ×25 · Trade Cart ×12 · Monk ×5
Feudal
11:22
Castillos
15:24
Imperial
33:34
| APM promedio | 47.7 |
| APM pico | 96 |
| eAPM promedio | 26.2 |
| Aldeanos / militares | 169 / 217 |
Foco
⚔️ 30.9% · 🌾 69.1%
Cavalry Archer ×115 · Trade Cart ×51 · Scout Cavalry ×50 · Camel Scout ×39 · Monk ×6 · Trebuchet (Packed) ×6
Feudal
11:00
Castillos
15:15
Imperial
40:41
| APM promedio | 14.8 |
| APM pico | 32 |
| eAPM promedio | 11.1 |
| Aldeanos / militares | 118 / 280 |
Foco
⚔️ 27.8% · 🌾 72.2%
Camel Scout ×247 · Knight ×29 · Trade Cart ×15 · Monk ×2 · Mangonel ×2
Feudal
11:17
Castillos
29:43
Imperial
49:44
| APM promedio | 38.1 |
| APM pico | 77 |
| eAPM promedio | 19.5 |
| Aldeanos / militares | 130 / 126 |
Foco
⚔️ 44.3% · 🌾 55.7%
Archer ×51 · Spearman ×26 · Skirmisher ×26 · Monk ×23
Feudal
11:00
Castillos
15:28
Imperial
31:42
| APM promedio | 59.7 |
| APM pico | 154 |
| eAPM promedio | 37.8 |
| Aldeanos / militares | 156 / 554 |
Foco
⚔️ 29.3% · 🌾 70.7%
Scout Cavalry ×311 · Cavalry Archer ×227 · Trade Cart ×18 · Trebuchet (Packed) ×7 · Mangonel ×3 · Steppe Lancer ×2
Feudal
11:46
Castillos
15:41
Imperial
30:25
| APM promedio | 31.1 |
| APM pico | 62 |
| eAPM promedio | 21.7 |
| Aldeanos / militares | 174 / 500 |
Foco
⚔️ 35.9% · 🌾 64.1%
Ghulam ×156 · Scout Cavalry ×155 · Hand Cannoneer ×124 · Camel Scout ×44 · Trade Cart ×43 · Bombard Cannon ×18
Mapa de la partida
Recursos iniciales + cada clic de construcción. Líneas = muros · curvas = relieve. ◆ oro · ⬟ piedra · ● bayas · ✦ reliquia · ◌ hueco del cierre
Tu base· ✓ Cerrada en 24:15 · 83t muro · 1 puerta(s)
Base de remobo· ✓ Cerrada en 29:29 · 44t muro · 3 puerta(s)
Base de 2rich4u81· ✓ Cerrada en 21:30 · 5t muro · 1 puerta(s)
Base de the_bigfatpanda· ✓ Cerrada en 15:24 · 0t muro · sin puerta
Base de Musti-1997· ✓ Cerrada en 15:15 · 0t muro · sin puerta
Base de Hululu· ✓ Cerrada en 29:43 · 39t muro · 5 puerta(s)
Base de 战歌· ✓ Cerrada en 15:28 · 0t muro · sin puerta
Base de The Iron Marshal· ✓ Cerrada en 15:41 · 0t muro · sin puerta
Terreno inicial suavizado · ◌ = hueco del cierre detectado · pasá el cursor para detalles
Inputs por minuto
— [666]_Dark - - remobo
Build order — [666]_Dark
Primeras 150 de 948 acciones detectadas
| 0:00 | Crear | Villager (Male) |
| 0:01 | Crear | Villager (Male) |
| 0:02 | Construir | House |
| 0:04 | Construir | House |
| 0:07 | Crear | Villager (Male) |
| 0:07 | Crear | Villager (Male) |
| 0:19 | Investigar | Loom |
| 0:19 | Investigar | Loom |
| 0:19 | Investigar | Loom |
| 0:20 | Investigar | Loom |
| 0:21 | Crear | Villager (Male) |
| 0:21 | Crear | Villager (Male) |
| 0:26 | Crear | Villager (Male) |
| 0:26 | Crear | Villager (Male) |
| 0:26 | Crear | Villager (Male) |
| 0:39 | Construir | Palisade Wall |
| 2:15 | Crear | Villager (Male) |
| 2:16 | Crear | Villager (Male) |
| 2:16 | Crear | Villager (Male) |
| 2:56 | Crear | Villager (Male) |
| 2:56 | Crear | Villager (Male) |
| 2:56 | Crear | Villager (Male) |
| 2:57 | Crear | Villager (Male) |
| 4:26 | Crear | Villager (Male) |
| 4:26 | Crear | Villager (Male) |
| 4:26 | Crear | Villager (Male) |
| 5:13 | Crear | Villager (Male) |
| 5:13 | Crear | Villager (Male) |
| 5:13 | Crear | Villager (Male) |
| 6:16 | Crear | Villager (Male) |
| 6:17 | Crear | Villager (Male) |
| 6:35 | Crear | Villager (Male) |
| 6:42 | Construir | Lumber Camp |
| 7:36 | Crear | Villager (Male) |
| 7:37 | Crear | Villager (Male) |
| 7:37 | Crear | Villager (Male) |
| 7:37 | Crear | Villager (Male) |
| 7:42 | Crear | Villager (Male) |
| 7:42 | Crear | Villager (Male) |
| 8:13 | Construir | House |
| 8:19 | Construir | House |
| 8:32 | Crear | Villager (Male) |
| 8:33 | Crear | Villager (Male) |
| 8:33 | Crear | Villager (Male) |
| 8:33 | Crear | Villager (Male) |
| 9:36 | Construir | Palisade Wall |
| 9:43 | Crear | Villager (Male) |
| 9:44 | Crear | Villager (Male) |
| 9:44 | Crear | Villager (Male) |
| 9:44 | Crear | Villager (Male) |
| 10:05 | Crear | Villager (Male) |
| 10:05 | Crear | Villager (Male) |
| 10:05 | Crear | Villager (Male) |
| 10:40 | Crear | Villager (Male) |
| 10:41 | Crear | Villager (Male) |
| 10:41 | Crear | Villager (Male) |
| 10:41 | Crear | Villager (Male) |
| 10:41 | Crear | Villager (Male) |
| 11:21 | Construir | Mill |
| 11:26 | Construir | Palisade Wall |
| 11:30 | Construir | Palisade Wall |
| 11:36 | Construir | Palisade Wall |
| 11:37 | Construir | Palisade Wall |
| 11:38 | Construir | Palisade Wall |
| 11:43 | Crear | Villager (Male) |
| 11:43 | Crear | Villager (Male) |
| 11:43 | Crear | Villager (Male) |
| 11:43 | Crear | Villager (Male) |
| 11:47 | Construir | House |
| 11:48 | Construir | Mill |
| 12:00 | Construir | Palisade Wall |
| 12:01 | Construir | Palisade Wall |
| 12:01 | Construir | Palisade Wall |
| 12:25 | Construir | Palisade Wall |
| 12:25 | Construir | Palisade Wall |
| 12:28 | Construir | Palisade Wall |
| 12:34 | Construir | House |
| 13:04 | Crear | Villager (Male) |
| 13:18 | Construir | Palisade Wall |
| 13:27 | Construir | Palisade Wall |
| 13:29 | Construir | Palisade Wall |
| 13:32 | Crear | Villager (Male) |
| 13:35 | Crear | Villager (Male) |
| 13:37 | Construir | Palisade Wall |
| 13:47 | Construir | Palisade Wall |
| 13:50 | Construir | Palisade Wall |
| 13:59 | Construir | Palisade Wall |
| 14:11 | Construir | Palisade Wall |
| 14:22 | Investigar | Feudal Age |
| 14:22 | Investigar | Feudal Age |
| 14:22 | Investigar | Feudal Age |
| 14:22 | Investigar | Feudal Age |
| 14:27 | Construir | Palisade Wall |
| 14:45 | Construir | Palisade Wall |
| 14:55 | Construir | Palisade Wall |
| 14:57 | Construir | Palisade Wall |
| 15:09 | Construir | Mining Camp |
| 15:15 | Construir | Palisade Wall |
| 15:20 | Construir | Palisade Wall |
| 15:21 | Construir | Palisade Wall |
| 15:47 | Construir | Palisade Wall |
| 15:50 | Construir | Palisade Wall |
| 16:05 | Construir | Palisade Wall |
| 16:07 | Construir | Palisade Wall |
| 16:20 | Crear | Villager (Male) |
| 16:20 | Crear | Villager (Male) |
| 16:24 | Construir | Palisade Wall |
| 16:25 | Construir | Palisade Wall |
| 16:26 | Construir | Palisade Wall |
| 16:32 | Edad | Edad Feudal |
| 16:32 | Construir | Palisade Wall |
| 16:49 | Construir | Stone Wall |
| 16:56 | Construir | Stone Wall |
| 17:04 | Crear | Villager (Male) |
| 17:29 | Crear | Villager (Male) |
| 17:31 | Crear | Villager (Male) |
| 17:33 | Construir | Blacksmith |
| 18:02 | Construir | Stone Wall |
| 18:09 | Crear | Villager (Male) |
| 18:20 | Construir | Barracks |
| 18:26 | Crear | Villager (Male) |
| 18:41 | Construir | House |
| 18:56 | Construir | House |
| 19:17 | Crear | Villager (Male) |
| 19:22 | Construir | Lumber Camp |
| 19:34 | Crear | Villager (Male) |
| 19:48 | Construir | Gate |
| 19:53 | Construir | Stone Wall |
| 20:00 | Construir | Stone Wall |
| 20:04 | Crear | Villager (Male) |
| 20:26 | Construir | Blacksmith |
| 20:33 | Construir | Market |
| 20:34 | Crear | Villager (Male) |
| 20:58 | Construir | Mining Camp |
| 21:35 | Investigar | Castle Age |
| 21:36 | Investigar | Castle Age |
| 21:36 | Investigar | Castle Age |
| 22:05 | Investigar | Horse Collar |
| 22:05 | Investigar | Horse Collar |
| 22:08 | Construir | Farm |
| 22:08 | Construir | Farm |
| 22:08 | Construir | Farm |
| 22:09 | Construir | Farm |
| 22:09 | Construir | Farm |
| 22:23 | Construir | Lumber Camp |
| 22:26 | Crear | Villager (Male) |
| 22:53 | Investigar | Double-Bit Axe |
| 22:53 | Investigar | Double-Bit Axe |
| 22:54 | Investigar | Double-Bit Axe |
| 23:45 | Crear | Villager (Male) |
Build order — remobo
Primeras 150 de 306 acciones detectadas
| 0:03 | Crear | Villager (Male) |
| 0:03 | Crear | Villager (Male) |
| 0:03 | Crear | Villager (Male) |
| 0:04 | Crear | Villager (Male) |
| 0:04 | Crear | Villager (Male) |
| 0:06 | Construir | House |
| 0:08 | Construir | House |
| 0:11 | Construir | House |
| 0:41 | Investigar | Loom |
| 0:55 | Crear | Villager (Male) |
| 1:15 | Crear | Villager (Male) |
| 2:59 | Construir | Palisade Wall |
| 3:11 | Crear | Villager (Male) |
| 3:22 | Crear | Villager (Male) |
| 3:36 | Construir | Palisade Gate |
| 3:45 | Construir | Palisade Gate |
| 3:53 | Construir | Palisade Wall |
| 3:54 | Construir | Palisade Gate |
| 4:01 | Construir | Palisade Wall |
| 4:03 | Construir | Palisade Wall |
| 4:05 | Construir | Palisade Wall |
| 4:10 | Construir | Palisade Wall |
| 4:12 | Construir | Palisade Wall |
| 4:16 | Construir | Palisade Wall |
| 4:17 | Crear | Villager (Male) |
| 4:50 | Crear | Villager (Male) |
| 5:00 | Construir | Palisade Wall |
| 5:03 | Construir | Palisade Wall |
| 5:15 | Crear | Villager (Male) |
| 5:45 | Crear | Villager (Male) |
| 6:09 | Crear | Villager (Male) |
| 6:31 | Crear | Villager (Male) |
| 6:59 | Crear | Villager (Male) |
| 7:20 | Construir | Palisade Wall |
| 7:23 | Construir | House |
| 7:37 | Construir | House |
| 7:43 | Crear | Villager (Male) |
| 7:43 | Crear | Villager (Male) |
| 7:54 | Construir | House |
| 8:02 | Construir | Lumber Camp |
| 8:14 | Crear | Villager (Male) |
| 9:10 | Crear | Villager (Male) |
| 9:17 | Construir | House |
| 9:47 | Construir | Palisade Gate |
| 9:50 | Construir | Palisade Wall |
| 10:03 | Crear | Villager (Male) |
| 10:15 | Crear | Villager (Male) |
| 10:33 | Construir | Palisade Gate |
| 10:42 | Crear | Villager (Male) |
| 11:02 | Crear | Villager (Male) |
| 11:03 | Crear | Villager (Male) |
| 11:41 | Crear | Villager (Male) |
| 11:46 | Crear | Villager (Male) |
| 12:00 | Construir | Palisade Wall |
| 12:08 | Crear | Villager (Male) |
| 12:18 | Crear | Villager (Male) |
| 12:46 | Construir | House |
| 13:19 | Construir | Palisade Wall |
| 13:28 | Crear | Villager (Male) |
| 14:08 | Construir | House |
| 14:25 | Construir | Mill |
| 15:17 | Crear | Villager (Male) |
| 15:28 | Investigar | Feudal Age |
| 15:28 | Investigar | Feudal Age |
| 16:14 | Construir | Mining Camp |
| 16:20 | Construir | Mining Camp |
| 16:27 | Construir | Mining Camp |
| 16:36 | Crear | Villager (Male) |
| 17:33 | Construir | Palisade Wall |
| 17:40 | Crear | Villager (Male) |
| 17:52 | Edad | Edad Feudal |
| 17:55 | Construir | Watch Tower |
| 17:56 | Crear | Villager (Male) |
| 18:13 | Construir | Blacksmith |
| 18:21 | Investigar | Horse Collar |
| 18:36 | Investigar | Double-Bit Axe |
| 19:06 | Crear | Villager (Male) |
| 19:11 | Construir | Mill |
| 19:17 | Crear | Villager (Male) |
| 19:50 | Construir | Farm |
| 19:52 | Crear | Villager (Male) |
| 20:18 | Crear | Villager (Male) |
| 20:28 | Construir | House |
| 20:49 | Investigar | Horse Collar |
| 21:34 | Crear | Villager (Male) |
| 21:37 | Construir | Market |
| 21:58 | Crear | Villager (Male) |
| 22:01 | Investigar | Gold Mining |
| 22:13 | Investigar | Gold Mining |
| 22:15 | Crear | Villager (Male) |
| 22:25 | Construir | Farm |
| 22:32 | Construir | Farm |
| 22:35 | Construir | Farm |
| 22:42 | Crear | Villager (Male) |
| 23:21 | Crear | Villager (Male) |
| 23:24 | Crear | Villager (Male) |
| 23:26 | Construir | House |
| 23:38 | Construir | Lumber Camp |
| 23:45 | Construir | Farm |
| 24:24 | Construir | Watch Tower |
| 24:26 | Crear | Villager (Male) |
| 24:40 | Construir | Farm |
| 24:48 | Construir | Farm |
| 24:49 | Construir | Farm |
| 24:53 | Crear | Villager (Male) |
| 25:12 | Construir | Mining Camp |
| 25:20 | Crear | Villager (Male) |
| 26:33 | Construir | Farm |
| 26:34 | Construir | Farm |
| 26:34 | Construir | Farm |
| 26:34 | Construir | Farm |
| 26:49 | Investigar | Castle Age |
| 27:35 | Investigar | Stone Mining |
| 27:47 | Crear | Villager (Male) |
| 27:54 | Construir | Farm |
| 27:55 | Construir | Farm |
| 28:02 | Construir | Barracks |
| 29:29 | Edad | Edad de los Castillos |
| 29:33 | Crear | Villager (Male) |
| 29:41 | Construir | Castle |
| 29:46 | Crear | Villager (Male) |
| 29:58 | Construir | Mining Camp |
| 30:15 | Construir | Castle |
| 30:30 | Construir | House |
| 30:30 | Construir | House |
| 30:33 | Investigar | Bow Saw |
| 30:46 | Construir | University |
| 30:53 | Construir | Monastery |
| 31:17 | Crear | Villager (Male) |
| 31:43 | Investigar | Imperial Age |
| 31:43 | Investigar | Imperial Age |
| 31:52 | Investigar | Bow Saw |
| 31:56 | Investigar | Scale Mail Armor |
| 32:43 | Investigar | Heavy Plow |
| 32:44 | Investigar | Gold Shaft Mining |
| 32:46 | Crear | Villager (Male) |
| 33:11 | Investigar | Fletching |
| 34:08 | Investigar | Chain Mail Armor |
| 34:24 | Investigar | Forging |
| 34:53 | Edad | Edad Imperial |
| 35:14 | Crear | Villager (Male) |
| 35:23 | Construir | Mill |
| 35:23 | Construir | Farm |
| 35:24 | Construir | Farm |
| 35:24 | Construir | Farm |
| 35:24 | Construir | Farm |
| 35:24 | Construir | Farm |
| 35:26 | Construir | Farm |
| 35:30 | Crear | Villager (Male) |
| 35:40 | Crear | Trebuchet (Packed) |
Build order — 2rich4u81
Primeras 150 de 465 acciones detectadas
| 0:03 | Investigar | Loom |
| 0:03 | Crear | Villager (Male) ×4 |
| 0:07 | Construir | House |
| 0:09 | Construir | House |
| 2:20 | Crear | Villager (Male) |
| 2:24 | Construir | Lumber Camp |
| 2:29 | Crear | Villager (Male) |
| 2:32 | Crear | Villager (Male) |
| 3:30 | Crear | Villager (Male) |
| 3:53 | Construir | House |
| 4:02 | Crear | Villager (Male) |
| 4:12 | Crear | Villager (Male) |
| 4:22 | Crear | Villager (Male) |
| 4:57 | Crear | Villager (Male) |
| 5:33 | Crear | Villager (Male) |
| 5:33 | Crear | Villager (Male) |
| 5:33 | Crear | Villager (Male) |
| 5:34 | Crear | Villager (Male) |
| 5:51 | Crear | Villager (Male) |
| 5:53 | Construir | Mining Camp |
| 6:05 | Crear | Villager (Male) |
| 6:28 | Crear | Villager (Male) |
| 6:57 | Investigar | Feudal Age |
| 7:41 | Construir | House |
| 8:12 | Construir | Barracks |
| 8:29 | Crear | Villager (Male) |
| 9:07 | Edad | Edad Feudal |
| 9:07 | Investigar | Double-Bit Axe |
| 9:11 | Crear | Villager (Male) |
| 9:32 | Crear | Villager (Male) |
| 9:44 | Construir | Archery Range |
| 9:49 | Crear | Villager (Male) |
| 10:14 | Construir | Archery Range |
| 10:30 | Construir | Gate |
| 10:34 | Crear | Archer |
| 10:41 | Construir | Stone Wall |
| 10:45 | Crear | Archer |
| 10:49 | Crear | Villager (Male) |
| 11:04 | Construir | Blacksmith |
| 11:11 | Crear | Archer |
| 11:12 | Crear | Villager (Male) |
| 11:14 | Crear | Archer |
| 11:25 | Construir | House |
| 11:41 | Construir | House |
| 11:42 | Crear | Archer |
| 11:42 | Crear | Archer |
| 11:44 | Crear | Villager (Male) |
| 11:54 | Construir | House |
| 12:07 | Crear | Villager (Male) |
| 12:12 | Construir | Mill |
| 12:18 | Crear | Archer |
| 12:19 | Crear | Archer |
| 12:27 | Crear | Villager (Male) |
| 12:32 | Construir | House |
| 12:49 | Crear | Archer |
| 12:59 | Crear | Villager (Male) |
| 13:05 | Construir | House |
| 13:47 | Investigar | Fletching |
| 13:48 | Crear | Villager (Male) |
| 14:04 | Crear | Villager (Male) |
| 14:07 | Construir | Farm |
| 14:10 | Construir | Farm |
| 14:14 | Construir | Farm |
| 14:15 | Crear | Villager (Male) |
| 14:17 | Construir | Farm |
| 14:28 | Construir | Farm |
| 14:38 | Crear | Villager (Male) |
| 14:43 | Construir | Farm |
| 15:15 | Crear | Villager (Male) |
| 15:18 | Construir | Farm |
| 15:40 | Crear | Villager (Male) |
| 15:43 | Construir | Farm |
| 15:45 | Construir | Farm |
| 16:00 | Construir | Farm |
| 16:07 | Crear | Villager (Male) |
| 17:24 | Crear | Archer |
| 17:24 | Crear | Archer |
| 17:38 | Crear | Villager (Male) |
| 17:43 | Construir | Farm |
| 17:55 | Construir | Farm |
| 17:58 | Crear | Archer |
| 17:58 | Crear | Archer |
| 18:14 | Crear | Archer |
| 18:14 | Crear | Archer |
| 18:16 | Crear | Archer |
| 18:17 | Crear | Villager (Male) |
| 18:25 | Construir | Farm |
| 18:27 | Construir | House |
| 18:42 | Crear | Archer |
| 18:48 | Crear | Archer |
| 18:50 | Investigar | Castle Age |
| 18:51 | Crear | Archer |
| 19:11 | Crear | Archer |
| 20:07 | Crear | Archer |
| 20:27 | Crear | Archer |
| 20:27 | Crear | Archer |
| 20:37 | Crear | Archer |
| 21:00 | Crear | Archer |
| 21:00 | Crear | Archer |
| 21:19 | Crear | Archer |
| 21:26 | Construir | Farm |
| 21:27 | Construir | Farm |
| 21:30 | Construir | Farm |
| 21:30 | Edad | Edad de los Castillos |
| 21:33 | Construir | Lumber Camp |
| 21:41 | Investigar | Crossbowman (upgrade) |
| 21:44 | Investigar | Bow Saw |
| 22:41 | Crear | Villager (Male) |
| 22:42 | Crear | Villager (Male) |
| 23:17 | Investigar | Bodkin Arrow |
| 23:17 | Crear | Villager (Male) |
| 23:18 | Crear | Villager (Male) |
| 23:32 | Construir | Town Center |
| 23:41 | Crear | Archer |
| 23:58 | Crear | Archer |
| 24:00 | Crear | Archer |
| 24:12 | Crear | Villager (Male) |
| 24:17 | Crear | Archer |
| 24:25 | Investigar | Padded Archer Armor |
| 24:37 | Crear | Archer |
| 24:38 | Crear | Villager (Male) |
| 24:50 | Crear | Archer |
| 24:58 | Crear | Archer |
| 24:59 | Crear | Villager (Male) |
| 25:04 | Construir | House |
| 25:33 | Crear | Archer |
| 25:33 | Crear | Archer |
| 26:12 | Crear | Archer |
| 26:14 | Crear | Villager (Male) |
| 26:17 | Construir | University |
| 26:27 | Crear | Archer |
| 26:45 | Crear | Villager (Male) |
| 26:46 | Construir | Farm |
| 26:47 | Crear | Villager (Male) |
| 26:50 | Crear | Villager (Male) ×5 |
| 26:53 | Crear | Archer |
| 26:56 | Crear | Villager (Male) |
| 27:08 | Investigar | Chemistry |
| 27:11 | Construir | Farm |
| 27:18 | Crear | Villager (Male) |
| 27:32 | Crear | Villager (Male) |
| 27:32 | Crear | Villager (Male) |
| 28:33 | Investigar | Wheelbarrow |
| 28:33 | Crear | Villager (Male) |
| 28:39 | Construir | Monastery |
| 29:14 | Crear | Hand Cannoneer |
| 29:14 | Crear | Hand Cannoneer |
| 29:15 | Crear | Hand Cannoneer |
| 29:19 | Construir | House |
| 29:23 | Construir | Gate |
Build order — the_bigfatpanda
Primeras 150 de 520 acciones detectadas
| 0:03 | Construir | House |
| 0:03 | Crear | Villager (Male) |
| 0:03 | Crear | Villager (Male) |
| 0:03 | Crear | Villager (Male) |
| 0:04 | Crear | Villager (Male) |
| 0:06 | Construir | House |
| 1:27 | Crear | Villager (Male) |
| 1:27 | Crear | Villager (Male) |
| 1:27 | Crear | Villager (Male) |
| 1:28 | Crear | Villager (Male) |
| 1:45 | Construir | Lumber Camp |
| 1:57 | Crear | Villager (Male) |
| 1:57 | Crear | Villager (Male) |
| 1:57 | Crear | Villager (Male) |
| 1:57 | Crear | Villager (Male) |
| 2:34 | Crear | Villager (Male) |
| 2:34 | Crear | Villager (Male) |
| 2:34 | Crear | Villager (Male) |
| 3:05 | Crear | Villager (Male) |
| 3:05 | Crear | Villager (Male) |
| 3:05 | Crear | Villager (Male) |
| 3:05 | Crear | Villager (Male) |
| 3:27 | Crear | Villager (Male) |
| 3:27 | Crear | Villager (Male) |
| 3:27 | Crear | Villager (Male) |
| 3:32 | Construir | House |
| 3:50 | Crear | Villager (Male) |
| 3:50 | Crear | Villager (Male) |
| 3:50 | Crear | Villager (Male) |
| 4:17 | Crear | Villager (Male) |
| 4:17 | Crear | Villager (Male) |
| 4:17 | Crear | Villager (Male) |
| 4:17 | Crear | Villager (Male) |
| 4:27 | Construir | House |
| 4:43 | Crear | Villager (Male) |
| 4:43 | Crear | Villager (Male) |
| 4:43 | Crear | Villager (Male) |
| 4:43 | Crear | Villager (Male) |
| 4:48 | Construir | Mill |
| 4:52 | Crear | Villager (Male) |
| 4:52 | Crear | Villager (Male) |
| 4:52 | Crear | Villager (Male) |
| 5:33 | Crear | Villager (Male) |
| 5:33 | Crear | Villager (Male) |
| 5:33 | Crear | Villager (Male) |
| 5:41 | Investigar | Loom |
| 5:48 | Crear | Villager (Male) |
| 5:48 | Crear | Villager (Male) |
| 6:22 | Crear | Villager (Male) |
| 7:03 | Crear | Villager (Male) |
| 7:03 | Crear | Villager (Male) |
| 7:53 | Crear | Villager (Male) |
| 7:53 | Crear | Villager (Male) |
| 8:01 | Construir | Mining Camp |
| 8:12 | Construir | House |
| 8:37 | Crear | Villager (Male) |
| 9:12 | Investigar | Feudal Age |
| 11:22 | Edad | Edad Feudal |
| 11:25 | Construir | Blacksmith |
| 11:28 | Construir | Market |
| 11:29 | Crear | Villager (Male) |
| 11:30 | Crear | Villager (Male) |
| 11:31 | Crear | Villager (Male) |
| 11:34 | Investigar | Double-Bit Axe |
| 12:36 | Investigar | Castle Age |
| 12:36 | Investigar | Castle Age |
| 13:23 | Investigar | Horse Collar |
| 13:23 | Investigar | Horse Collar |
| 15:24 | Edad | Edad de los Castillos |
| 15:28 | Construir | Town Center |
| 15:40 | Construir | Town Center |
| 15:41 | Crear | Villager (Male) |
| 15:41 | Crear | Villager (Male) |
| 15:46 | Construir | Town Center |
| 16:05 | Crear | Villager (Male) |
| 16:05 | Crear | Villager (Male) |
| 16:09 | Investigar | Bow Saw |
| 16:10 | Investigar | Heavy Plow |
| 16:10 | Investigar | Heavy Plow |
| 16:17 | Construir | House |
| 16:41 | Construir | Palisade Wall |
| 16:45 | Construir | Palisade Wall |
| 17:11 | Crear | Villager (Male) |
| 17:11 | Crear | Villager (Male) |
| 17:16 | Construir | Farm |
| 17:16 | Construir | Farm |
| 17:17 | Construir | Farm |
| 17:17 | Construir | Farm |
| 17:17 | Construir | Farm |
| 17:17 | Construir | Farm |
| 17:18 | Construir | Farm |
| 17:18 | Construir | Farm |
| 17:30 | Crear | Villager (Male) |
| 17:30 | Crear | Villager (Male) |
| 17:30 | Crear | Villager (Male) |
| 17:30 | Crear | Villager (Male) |
| 17:52 | Construir | Farm |
| 17:54 | Construir | Farm |
| 18:04 | Crear | Villager (Male) |
| 18:05 | Crear | Villager (Male) |
| 18:05 | Crear | Villager (Male) |
| 18:05 | Crear | Villager (Male) |
| 18:05 | Crear | Villager (Male) |
| 18:07 | Construir | Farm |
| 18:13 | Construir | Farm |
| 18:14 | Construir | Farm |
| 18:24 | Construir | Monastery |
| 18:41 | Crear | Villager (Male) |
| 18:41 | Crear | Villager (Male) |
| 18:41 | Crear | Villager (Male) |
| 18:45 | Construir | Farm |
| 18:49 | Construir | Farm |
| 18:49 | Construir | Farm |
| 18:50 | Construir | Farm |
| 18:50 | Construir | Farm |
| 18:50 | Construir | Farm |
| 18:55 | Crear | Villager (Male) |
| 18:55 | Crear | Villager (Male) |
| 18:55 | Crear | Villager (Male) |
| 19:03 | Crear | Villager (Male) |
| 19:03 | Crear | Villager (Male) |
| 19:03 | Crear | Villager (Male) |
| 19:13 | Crear | Monk |
| 19:20 | Crear | Villager (Male) |
| 19:26 | Construir | Farm |
| 19:27 | Construir | Farm |
| 19:28 | Construir | Farm |
| 19:44 | Crear | Villager (Male) |
| 19:47 | Construir | Farm |
| 19:47 | Crear | Villager (Male) |
| 19:47 | Crear | Villager (Male) |
| 19:48 | Crear | Villager (Male) |
| 19:51 | Construir | Farm |
| 20:33 | Crear | Villager (Male) |
| 20:33 | Crear | Villager (Male) |
| 20:33 | Crear | Villager (Male) |
| 20:33 | Crear | Villager (Male) |
| 20:33 | Crear | Villager (Male) |
| 20:33 | Crear | Villager (Male) |
| 20:36 | Crear | Monk |
| 20:40 | Construir | House |
| 20:42 | Construir | House |
| 21:02 | Construir | Barracks |
| 21:13 | Crear | Villager (Male) |
| 21:13 | Crear | Villager (Male) |
| 21:28 | Construir | Monastery |
| 21:30 | Crear | Villager (Male) |
| 21:30 | Crear | Villager (Male) |
| 21:31 | Crear | Villager (Male) |
| 21:36 | Construir | Farm |
Build order — Musti-1997
Primeras 150 de 406 acciones detectadas
| 0:01 | Crear | Villager (Male) |
| 0:02 | Crear | Villager (Male) |
| 0:02 | Crear | Villager (Male) |
| 0:02 | Crear | Villager (Male) |
| 0:04 | Construir | House |
| 0:06 | Construir | House |
| 0:42 | Crear | Villager (Male) |
| 0:43 | Crear | Villager (Male) |
| 1:28 | Crear | Villager (Male) |
| 1:41 | Construir | Lumber Camp |
| 2:07 | Crear | Villager (Male) |
| 2:36 | Crear | Villager (Male) |
| 2:36 | Crear | Villager (Male) |
| 3:05 | Crear | Villager (Male) |
| 3:05 | Crear | Villager (Male) |
| 3:18 | Construir | House |
| 3:21 | Construir | Mill |
| 3:25 | Crear | Villager (Male) |
| 3:25 | Crear | Villager (Male) |
| 3:25 | Crear | Villager (Male) |
| 4:09 | Construir | House |
| 4:34 | Crear | Villager (Male) |
| 4:35 | Crear | Villager (Male) |
| 4:35 | Crear | Villager (Male) |
| 5:22 | Crear | Villager (Male) |
| 5:22 | Crear | Villager (Male) |
| 5:52 | Crear | Villager (Male) |
| 5:52 | Crear | Villager (Male) |
| 5:53 | Crear | Villager (Male) |
| 6:11 | Crear | Villager (Male) |
| 6:13 | Crear | Villager (Male) |
| 6:17 | Construir | House |
| 6:19 | Construir | House |
| 6:30 | Crear | Villager (Male) |
| 6:30 | Crear | Villager (Male) |
| 7:09 | Construir | Mill |
| 7:21 | Construir | Mining Camp |
| 8:42 | Investigar | Feudal Age |
| 11:00 | Edad | Edad Feudal |
| 11:05 | Crear | Villager (Male) |
| 11:05 | Crear | Villager (Male) |
| 11:12 | Construir | Market |
| 11:16 | Construir | Blacksmith |
| 11:39 | Construir | Barracks |
| 11:48 | Crear | Villager (Male) |
| 12:18 | Crear | Villager (Male) |
| 12:49 | Investigar | Castle Age |
| 13:38 | Construir | Stable |
| 13:59 | Investigar | Double-Bit Axe |
| 14:32 | Construir | Farm |
| 14:52 | Construir | Farm |
| 15:15 | Edad | Edad de los Castillos |
| 15:26 | Construir | Siege Workshop |
| 15:31 | Investigar | Bloodlines |
| 15:32 | Investigar | Husbandry |
| 15:54 | Crear | Villager (Male) |
| 16:00 | Construir | Farm |
| 16:08 | Construir | Farm |
| 16:11 | Construir | Farm |
| 16:15 | Construir | Farm |
| 16:19 | Construir | Farm |
| 16:27 | Crear | Knight |
| 17:11 | Crear | Knight |
| 17:33 | Crear | Knight |
| 17:49 | Crear | Knight |
| 18:01 | Crear | Knight |
| 18:09 | Crear | Knight |
| 18:21 | Construir | Farm |
| 18:22 | Construir | Farm |
| 18:23 | Construir | Farm |
| 18:23 | Construir | Farm |
| 18:26 | Crear | Villager (Male) |
| 19:03 | Crear | Knight |
| 19:12 | Crear | Villager (Male) |
| 19:18 | Construir | Farm |
| 20:03 | Crear | Knight |
| 20:04 | Crear | Knight |
| 20:31 | Crear | Knight |
| 21:07 | Crear | Knight |
| 21:07 | Crear | Knight |
| 21:09 | Crear | Villager (Male) |
| 21:09 | Crear | Villager (Male) |
| 21:27 | Crear | Knight |
| 21:29 | Crear | Villager (Male) |
| 21:30 | Crear | Villager (Male) |
| 21:36 | Construir | Farm |
| 21:43 | Construir | Lumber Camp |
| 21:50 | Crear | Mangonel |
| 22:08 | Construir | Stable |
| 22:44 | Crear | Knight |
| 22:44 | Crear | Knight |
| 22:48 | Construir | Farm |
| 22:50 | Crear | Villager (Male) |
| 22:50 | Crear | Villager (Male) |
| 23:31 | Crear | Mangonel |
| 23:34 | Crear | Knight |
| 23:40 | Crear | Knight |
| 23:41 | Crear | Knight |
| 23:59 | Investigar | Scale Barding Armor |
| 24:04 | Crear | Knight |
| 24:05 | Crear | Knight |
| 24:14 | Construir | Mining Camp |
| 24:16 | Construir | Farm |
| 24:27 | Crear | Villager (Male) |
| 24:31 | Construir | Farm |
| 24:31 | Construir | Farm |
| 24:49 | Crear | Knight |
| 24:50 | Crear | Knight |
| 25:00 | Crear | Villager (Male) |
| 25:21 | Crear | Knight |
| 25:21 | Crear | Knight |
| 25:36 | Construir | House |
| 25:37 | Construir | House |
| 25:44 | Crear | Villager (Male) |
| 25:47 | Construir | Farm |
| 25:47 | Construir | Farm |
| 26:22 | Crear | Knight |
| 26:22 | Crear | Knight |
| 27:22 | Crear | Knight |
| 27:22 | Crear | Knight |
| 27:23 | Crear | Knight |
| 27:32 | Construir | Farm |
| 27:34 | Construir | Farm |
| 27:38 | Construir | House |
| 27:39 | Crear | Villager (Male) |
| 27:40 | Crear | Villager (Male) |
| 27:40 | Crear | Villager (Male) |
| 28:14 | Construir | House |
| 28:18 | Crear | Villager (Male) |
| 28:19 | Crear | Villager (Male) |
| 29:36 | Crear | Villager (Male) |
| 29:36 | Crear | Villager (Male) |
| 29:46 | Construir | Town Center |
| 29:50 | Crear | Villager (Male) |
| 30:11 | Construir | House |
| 30:16 | Investigar | Wheelbarrow |
| 30:17 | Investigar | Loom |
| 30:21 | Crear | Villager (Male) |
| 30:21 | Crear | Villager (Male) |
| 30:36 | Construir | Town Center |
| 30:49 | Construir | House |
| 30:50 | Construir | House |
| 30:51 | Crear | Villager (Male) |
| 30:52 | Crear | Villager (Male) |
| 30:52 | Crear | Villager (Male) |
| 30:54 | Crear | Villager (Male) |
| 30:54 | Crear | Villager (Male) |
| 30:55 | Crear | Villager (Male) |
| 31:25 | Crear | Villager (Male) |
| 31:26 | Crear | Villager (Male) |
Build order — Hululu
Primeras 150 de 317 acciones detectadas
| 0:03 | Construir | House |
| 0:05 | Construir | House |
| 0:06 | Crear | Villager (Male) ×4 |
| 1:43 | Crear | Villager (Male) |
| 2:11 | Crear | Villager (Male) |
| 2:29 | Crear | Villager (Male) |
| 2:29 | Crear | Villager (Male) |
| 2:29 | Crear | Villager (Male) |
| 2:45 | Construir | Palisade Wall |
| 2:54 | Crear | Villager (Male) |
| 2:54 | Crear | Villager (Male) |
| 3:29 | Crear | Villager (Male) |
| 3:29 | Crear | Villager (Male) |
| 3:29 | Crear | Villager (Male) |
| 3:46 | Investigar | Loom |
| 3:48 | Crear | Villager (Male) |
| 3:49 | Crear | Villager (Male) |
| 4:03 | Construir | House |
| 4:06 | Construir | House |
| 4:30 | Construir | Palisade Wall |
| 5:17 | Crear | Villager (Male) ×5 |
| 5:17 | Crear | Villager (Male) ×5 |
| 6:01 | Construir | Lumber Camp |
| 6:33 | Construir | Outpost |
| 7:21 | Crear | Villager (Male) |
| 7:21 | Crear | Villager (Male) |
| 7:22 | Crear | Villager (Male) |
| 8:34 | Construir | Mill |
| 8:38 | Crear | Villager (Male) |
| 8:54 | Construir | House |
| 8:56 | Construir | House |
| 9:07 | Investigar | Feudal Age |
| 9:59 | Construir | Palisade Wall |
| 10:29 | Construir | Barracks |
| 11:03 | Construir | Mining Camp |
| 11:17 | Edad | Edad Feudal |
| 11:18 | Crear | Villager (Male) |
| 11:28 | Construir | Stone Wall |
| 11:30 | Construir | Gate |
| 11:34 | Construir | Stone Wall |
| 11:40 | Construir | Archery Range |
| 11:42 | Crear | Villager (Male) |
| 11:44 | Investigar | Double-Bit Axe |
| 12:14 | Crear | Villager (Male) |
| 12:14 | Crear | Villager (Male) |
| 12:15 | Crear | Villager (Male) |
| 12:30 | Construir | Blacksmith |
| 12:34 | Crear | Archer |
| 12:35 | Crear | Archer |
| 12:38 | Crear | Villager (Male) |
| 12:38 | Crear | Villager (Male) |
| 12:43 | Construir | Farm |
| 12:44 | Construir | Farm |
| 13:06 | Crear | Archer |
| 13:07 | Crear | Archer |
| 13:18 | Crear | Spearman |
| 13:18 | Crear | Spearman |
| 13:30 | Construir | Lumber Camp |
| 13:31 | Crear | Villager (Male) |
| 13:32 | Crear | Villager (Male) |
| 13:47 | Crear | Skirmisher |
| 13:47 | Crear | Skirmisher |
| 14:04 | Investigar | Fletching |
| 14:05 | Crear | Skirmisher |
| 14:05 | Crear | Skirmisher |
| 14:17 | Construir | House |
| 14:33 | Crear | Skirmisher |
| 14:33 | Crear | Skirmisher |
| 14:47 | Crear | Skirmisher |
| 14:47 | Crear | Skirmisher |
| 15:39 | Crear | Villager (Male) |
| 15:39 | Crear | Villager (Male) |
| 15:41 | Crear | Skirmisher |
| 15:41 | Crear | Skirmisher |
| 17:02 | Crear | Villager (Male) |
| 17:02 | Crear | Villager (Male) |
| 17:03 | Crear | Skirmisher |
| 17:03 | Crear | Skirmisher |
| 17:04 | Construir | Farm |
| 17:04 | Construir | Farm |
| 17:05 | Construir | Farm |
| 17:05 | Construir | Farm |
| 17:05 | Construir | Farm |
| 17:08 | Construir | House |
| 17:10 | Construir | Farm |
| 17:10 | Construir | Farm |
| 17:10 | Construir | Farm |
| 17:10 | Construir | Farm |
| 17:14 | Crear | Skirmisher |
| 17:51 | Crear | Spearman |
| 17:51 | Crear | Spearman |
| 17:51 | Crear | Spearman |
| 18:11 | Construir | House |
| 18:18 | Crear | Spearman |
| 18:31 | Construir | Palisade Wall |
| 18:33 | Construir | House |
| 18:45 | Crear | Villager (Male) |
| 18:45 | Crear | Villager (Male) |
| 18:46 | Crear | Villager (Male) |
| 18:47 | Crear | Spearman |
| 18:47 | Crear | Spearman |
| 18:48 | Crear | Skirmisher |
| 18:48 | Crear | Skirmisher |
| 18:51 | Construir | Farm |
| 18:51 | Construir | Farm |
| 18:51 | Construir | Farm |
| 18:51 | Construir | Farm |
| 19:03 | Construir | Watch Tower |
| 19:17 | Construir | Farm |
| 19:39 | Construir | Stone Wall |
| 19:50 | Construir | Palisade Gate |
| 19:52 | Construir | House |
| 20:23 | Construir | House |
| 20:27 | Construir | House |
| 20:31 | Construir | Palisade Gate |
| 20:36 | Construir | Palisade Gate |
| 20:47 | Crear | Skirmisher |
| 20:47 | Crear | Skirmisher |
| 20:48 | Crear | Spearman |
| 20:48 | Crear | Spearman |
| 21:42 | Construir | Palisade Wall |
| 21:47 | Crear | Villager (Male) |
| 21:48 | Crear | Villager (Male) |
| 21:48 | Crear | Villager (Male) |
| 21:49 | Crear | Skirmisher |
| 21:49 | Crear | Skirmisher |
| 21:50 | Crear | Spearman |
| 21:50 | Crear | Spearman |
| 22:12 | Crear | Skirmisher |
| 22:12 | Crear | Skirmisher |
| 22:13 | Crear | Spearman |
| 22:13 | Crear | Spearman |
| 22:32 | Crear | Villager (Male) |
| 22:54 | Construir | House |
| 23:21 | Crear | Spearman |
| 24:05 | Crear | Spearman |
| 24:06 | Crear | Spearman |
| 24:56 | Construir | House |
| 24:58 | Construir | House |
| 25:00 | Construir | Palisade Wall |
| 25:36 | Crear | Spearman |
| 25:36 | Crear | Spearman |
| 25:39 | Crear | Villager (Male) |
| 25:39 | Crear | Villager (Male) |
| 25:57 | Crear | Spearman |
| 25:57 | Crear | Spearman |
| 26:15 | Construir | Market |
| 26:22 | Crear | Archer |
| 26:23 | Crear | Archer |
| 26:23 | Crear | Archer |
Build order — 战歌
Primeras 150 de 776 acciones detectadas
| 0:01 | Crear | Villager (Male) |
| 0:01 | Crear | Villager (Male) |
| 0:02 | Construir | House |
| 0:03 | Construir | House |
| 0:21 | Crear | Villager (Male) |
| 0:30 | Crear | Villager (Male) |
| 0:30 | Crear | Villager (Male) |
| 1:33 | Crear | Villager (Male) |
| 1:33 | Crear | Villager (Male) |
| 1:49 | Crear | Villager (Male) |
| 1:50 | Crear | Villager (Male) |
| 2:26 | Crear | Villager (Male) |
| 2:26 | Crear | Villager (Male) |
| 2:47 | Construir | Lumber Camp |
| 2:48 | Crear | Villager (Male) |
| 3:12 | Crear | Villager (Male) |
| 3:12 | Crear | Villager (Male) |
| 3:35 | Crear | Villager (Male) |
| 3:41 | Construir | House |
| 4:11 | Crear | Villager (Male) |
| 4:11 | Crear | Villager (Male) |
| 4:28 | Crear | Villager (Male) |
| 4:45 | Construir | Mill |
| 4:46 | Crear | Villager (Male) |
| 5:07 | Crear | Villager (Male) |
| 5:23 | Crear | Villager (Male) |
| 5:30 | Construir | House |
| 5:45 | Crear | Villager (Male) |
| 6:20 | Construir | House |
| 6:45 | Crear | Villager (Male) |
| 6:45 | Crear | Villager (Male) |
| 6:50 | Construir | Mining Camp |
| 6:59 | Crear | Villager (Male) |
| 7:59 | Crear | Villager (Male) |
| 8:19 | Construir | Mill |
| 8:23 | Crear | Villager (Male) |
| 8:45 | Investigar | Feudal Age |
| 9:52 | Construir | Barracks |
| 10:16 | Construir | House |
| 10:46 | Crear | Villager (Male) |
| 10:46 | Crear | Villager (Male) |
| 11:00 | Edad | Edad Feudal |
| 11:02 | Construir | Stable |
| 11:07 | Crear | Villager (Male) |
| 11:54 | Construir | Blacksmith |
| 11:57 | Crear | Scout Cavalry |
| 11:57 | Crear | Scout Cavalry |
| 12:10 | Crear | Villager (Male) |
| 12:24 | Construir | House |
| 12:38 | Crear | Villager (Male) |
| 12:43 | Construir | House |
| 12:47 | Investigar | Castle Age |
| 13:19 | Construir | House |
| 13:23 | Investigar | Double-Bit Axe |
| 13:23 | Investigar | Double-Bit Axe |
| 13:33 | Construir | Farm |
| 13:35 | Construir | Farm |
| 13:40 | Construir | Farm |
| 13:48 | Crear | Scout Cavalry |
| 14:52 | Crear | Scout Cavalry |
| 15:13 | Investigar | Forging |
| 15:20 | Crear | Villager (Male) |
| 15:20 | Crear | Villager (Male) |
| 15:28 | Edad | Edad de los Castillos |
| 15:36 | Construir | Archery Range |
| 15:40 | Crear | Villager (Male) |
| 15:48 | Construir | Town Center |
| 16:12 | Construir | Town Center |
| 16:14 | Crear | Villager (Male) |
| 16:35 | Crear | Steppe Lancer |
| 16:35 | Crear | Steppe Lancer |
| 16:41 | Crear | Villager (Male) |
| 16:41 | Crear | Villager (Male) |
| 16:52 | Crear | Cavalry Archer |
| 16:52 | Crear | Cavalry Archer |
| 17:02 | Construir | Monastery |
| 17:03 | Crear | Villager (Male) |
| 17:13 | Crear | Villager (Male) |
| 17:24 | Crear | Villager (Male) |
| 17:24 | Crear | Villager (Male) |
| 18:08 | Crear | Villager (Male) |
| 18:08 | Crear | Villager (Male) |
| 18:16 | Construir | Mining Camp |
| 18:19 | Crear | Monk |
| 18:21 | Construir | House |
| 18:22 | Crear | Cavalry Archer |
| 18:31 | Crear | Villager (Male) |
| 18:31 | Crear | Villager (Male) |
| 18:48 | Construir | Farm |
| 18:48 | Construir | Farm |
| 18:48 | Construir | Farm |
| 18:48 | Construir | Farm |
| 18:49 | Construir | Farm |
| 18:57 | Construir | Lumber Camp |
| 18:58 | Crear | Villager (Male) |
| 19:05 | Construir | House |
| 19:28 | Crear | Villager (Male) |
| 19:29 | Crear | Villager (Male) |
| 19:43 | Construir | Farm |
| 19:44 | Construir | Farm |
| 19:48 | Investigar | Horse Collar |
| 19:55 | Construir | House |
| 20:02 | Crear | Villager (Male) |
| 20:03 | Crear | Villager (Male) |
| 20:08 | Crear | Cavalry Archer |
| 20:08 | Crear | Cavalry Archer |
| 20:11 | Crear | Villager (Male) |
| 20:25 | Construir | Farm |
| 20:26 | Crear | Villager (Male) |
| 20:36 | Construir | Siege Workshop |
| 20:37 | Crear | Villager (Male) |
| 20:51 | Construir | Stone Wall |
| 20:57 | Construir | Stone Wall |
| 20:58 | Crear | Villager (Male) |
| 21:03 | Construir | Farm |
| 21:04 | Crear | Villager (Male) |
| 21:09 | Investigar | Heavy Plow |
| 21:09 | Investigar | Heavy Plow |
| 21:13 | Construir | Farm |
| 21:14 | Crear | Villager (Male) |
| 21:23 | Construir | Farm |
| 21:25 | Construir | Farm |
| 21:34 | Construir | Farm |
| 21:35 | Crear | Villager (Male) |
| 21:36 | Crear | Villager (Male) |
| 21:36 | Crear | Villager (Male) |
| 21:36 | Crear | Villager (Male) |
| 21:41 | Crear | Villager (Male) |
| 21:51 | Construir | House |
| 21:52 | Construir | House |
| 21:52 | Construir | House |
| 21:52 | Construir | House |
| 21:52 | Construir | House |
| 21:53 | Construir | House |
| 21:55 | Crear | Villager (Male) |
| 21:55 | Crear | Villager (Male) |
| 22:07 | Construir | Stone Wall |
| 22:14 | Construir | Gate |
| 22:20 | Crear | Battering Ram |
| 22:27 | Crear | Villager (Male) |
| 22:27 | Crear | Villager (Male) |
| 22:35 | Crear | Villager (Male) |
| 22:41 | Construir | Farm |
| 22:42 | Crear | Villager (Male) |
| 22:52 | Crear | Villager (Male) |
| 22:57 | Construir | Farm |
| 23:02 | Construir | Farm |
| 23:02 | Construir | Farm |
| 23:02 | Construir | Farm |
| 23:02 | Construir | Farm |
Build order — The Iron Marshal
Primeras 150 de 469 acciones detectadas
| 0:00 | Crear | Villager (Male) |
| 0:01 | Crear | Villager (Male) |
| 0:01 | Crear | Villager (Male) |
| 0:03 | Construir | House |
| 0:04 | Construir | House |
| 0:35 | Crear | Villager (Male) |
| 0:35 | Crear | Villager (Male) |
| 0:35 | Crear | Villager (Male) |
| 1:16 | Crear | Villager (Male) |
| 1:16 | Crear | Villager (Male) |
| 1:16 | Crear | Villager (Male) |
| 1:43 | Crear | Villager (Male) |
| 1:43 | Crear | Villager (Male) |
| 2:14 | Crear | Villager (Male) |
| 2:14 | Crear | Villager (Male) |
| 2:16 | Construir | Lumber Camp |
| 2:44 | Crear | Villager (Male) |
| 2:44 | Crear | Villager (Male) |
| 2:45 | Crear | Villager (Male) |
| 2:59 | Crear | Villager (Male) |
| 2:59 | Crear | Villager (Male) |
| 3:13 | Crear | Villager (Male) |
| 3:13 | Crear | Villager (Male) |
| 3:24 | Construir | House |
| 3:26 | Construir | House |
| 3:40 | Crear | Villager (Male) |
| 3:40 | Crear | Villager (Male) |
| 3:41 | Crear | Villager (Male) |
| 4:04 | Crear | Villager (Male) |
| 4:05 | Crear | Villager (Male) |
| 4:05 | Crear | Villager (Male) |
| 4:47 | Construir | Mill |
| 4:51 | Crear | Villager (Male) |
| 4:52 | Crear | Villager (Male) |
| 4:52 | Crear | Villager (Male) |
| 4:52 | Crear | Villager (Male) |
| 4:54 | Investigar | Loom |
| 5:08 | Crear | Villager (Male) |
| 5:09 | Crear | Villager (Male) |
| 5:09 | Crear | Villager (Male) |
| 5:25 | Crear | Villager (Male) |
| 5:25 | Crear | Villager (Male) |
| 6:36 | Crear | Villager (Male) |
| 6:36 | Crear | Villager (Male) |
| 6:36 | Crear | Villager (Male) |
| 6:37 | Crear | Villager (Male) |
| 6:57 | Crear | Villager (Male) |
| 7:01 | Crear | Villager (Male) |
| 8:47 | Investigar | Feudal Age |
| 8:51 | Construir | Mining Camp |
| 9:04 | Crear | Villager (Male) |
| 9:07 | Investigar | Feudal Age |
| 10:19 | Construir | House |
| 11:20 | Crear | Villager (Male) |
| 11:26 | Crear | Villager (Male) |
| 11:33 | Construir | Barracks |
| 11:46 | Edad | Edad Feudal |
| 12:13 | Construir | Blacksmith |
| 12:16 | Construir | Stable |
| 12:32 | Crear | Villager (Male) |
| 12:52 | Investigar | Castle Age |
| 12:52 | Investigar | Castle Age |
| 12:53 | Investigar | Castle Age |
| 12:54 | Crear | Scout Cavalry |
| 13:01 | Crear | Scout Cavalry |
| 13:15 | Investigar | Double-Bit Axe |
| 13:19 | Investigar | Horse Collar |
| 14:01 | Crear | Scout Cavalry |
| 14:46 | Crear | Villager (Male) |
| 14:52 | Construir | Farm |
| 14:53 | Construir | Farm |
| 15:23 | Construir | Farm |
| 15:25 | Construir | Farm |
| 15:28 | Crear | Villager (Male) |
| 15:41 | Edad | Edad de los Castillos |
| 15:57 | Construir | Town Center |
| 16:35 | Crear | Villager (Male) |
| 16:37 | Crear | Villager (Male) |
| 16:41 | Investigar | Bow Saw |
| 16:51 | Construir | Farm |
| 16:52 | Construir | Farm |
| 17:00 | Crear | Villager (Male) |
| 17:35 | Crear | Villager (Male) |
| 17:35 | Crear | Villager (Male) |
| 17:36 | Crear | Villager (Male) |
| 17:47 | Construir | Town Center |
| 17:54 | Crear | Villager (Male) |
| 17:55 | Crear | Villager (Male) |
| 18:00 | Construir | Farm |
| 18:02 | Construir | Farm |
| 18:03 | Construir | Farm |
| 18:04 | Construir | Farm |
| 18:06 | Construir | Farm |
| 18:09 | Crear | Villager (Male) |
| 18:10 | Crear | Villager (Male) |
| 18:10 | Crear | Villager (Male) |
| 18:30 | Crear | Villager (Male) |
| 18:30 | Crear | Villager (Male) |
| 18:30 | Crear | Villager (Male) |
| 18:31 | Crear | Villager (Male) |
| 18:46 | Construir | Siege Workshop |
| 18:49 | Crear | Villager (Male) |
| 18:49 | Crear | Villager (Male) |
| 18:49 | Crear | Villager (Male) |
| 18:50 | Crear | Villager (Male) |
| 19:01 | Construir | House |
| 19:02 | Construir | House |
| 19:06 | Crear | Villager (Male) |
| 19:07 | Crear | Villager (Male) |
| 19:07 | Crear | Villager (Male) |
| 19:19 | Crear | Villager (Male) |
| 19:19 | Crear | Villager (Male) |
| 19:19 | Crear | Villager (Male) |
| 19:20 | Crear | Villager (Male) |
| 19:30 | Construir | Farm |
| 19:33 | Construir | Farm |
| 19:37 | Construir | Farm |
| 19:38 | Construir | Farm |
| 19:40 | Construir | Farm |
| 19:44 | Construir | Farm |
| 19:45 | Crear | Villager (Male) |
| 19:46 | Crear | Villager (Male) |
| 19:46 | Crear | Villager (Male) |
| 19:46 | Crear | Villager (Male) |
| 19:47 | Crear | Villager (Male) |
| 19:56 | Crear | Villager (Male) |
| 19:56 | Crear | Villager (Male) |
| 19:56 | Crear | Villager (Male) |
| 20:09 | Crear | Villager (Male) |
| 20:10 | Crear | Villager (Male) |
| 20:10 | Crear | Villager (Male) |
| 20:27 | Construir | Market |
| 20:46 | Crear | Villager (Male) |
| 20:46 | Crear | Villager (Male) |
| 20:46 | Crear | Villager (Male) |
| 20:47 | Crear | Villager (Male) |
| 20:48 | Crear | Villager (Male) |
| 20:49 | Crear | Villager (Male) |
| 20:49 | Crear | Villager (Male) |
| 20:55 | Construir | Farm |
| 20:56 | Construir | Farm |
| 21:04 | Crear | Villager (Male) |
| 21:04 | Crear | Villager (Male) |
| 21:04 | Crear | Villager (Male) |
| 21:12 | Crear | Villager (Male) |
| 21:12 | Crear | Villager (Male) |
| 21:14 | Crear | Mangonel |
| 21:25 | Construir | House |
| 21:27 | Construir | House |
| 21:30 | Crear | Villager (Male) |
Cronología de la partida
| 0:39 | [666]_Dark · wall_segment Palisade Wall x11 |
| 2:45 | Hululu · wall_segment Palisade Wall x15 |
| 2:59 | remobo · wall_segment Palisade Wall x14 |
| 3:53 | remobo · wall_segment Palisade Wall x4 |
| 4:01 | remobo · wall_segment Palisade Wall x1 |
| 4:03 | remobo · wall_segment Palisade Wall x1 |
| 4:05 | remobo · wall_segment Palisade Wall x1 |
| 4:10 | remobo · wall_segment Palisade Wall x1 |
| 4:12 | remobo · wall_segment Palisade Wall x1 |
| 4:16 | remobo · wall_segment Palisade Wall x1 |
| 4:30 | Hululu · wall_segment Palisade Wall x4 |
| 5:00 | remobo · wall_segment Palisade Wall x1 |
| 5:03 | remobo · wall_segment Palisade Wall x1 |
| 7:20 | remobo · wall_segment Palisade Wall x1 |
| 8:12 | 2rich4u81 · first_building Barracks |
| 9:07 | 2rich4u81 · age_up feudal |
| 9:36 | [666]_Dark · wall_segment Palisade Wall x1 |
| 9:44 | 2rich4u81 · first_building Archery Range |
| 9:50 | remobo · wall_segment Palisade Wall x1 |
| 9:52 | 战歌 · first_building Barracks |
| 9:59 | Hululu · wall_segment Palisade Wall x7 |
| 10:29 | Hululu · first_building Barracks |
| 10:41 | 2rich4u81 · wall_segment Stone Wall x5 |
| 11:00 | 战歌 · age_up feudal |
| 11:00 | Musti-1997 · age_up feudal |
| 11:02 | 战歌 · first_building Stable |
| 11:17 | Hululu · age_up feudal |
| 11:22 | the_bigfatpanda · age_up feudal |
| 11:26 | [666]_Dark · wall_segment Palisade Wall x1 |
| 11:28 | Hululu · wall_segment Stone Wall x1 |
| 11:30 | [666]_Dark · wall_segment Palisade Wall x1 |
| 11:33 | The Iron Marshal · first_building Barracks |
| 11:34 | Hululu · wall_segment Stone Wall x6 |
| 11:36 | [666]_Dark · wall_segment Palisade Wall x1 |
| 11:37 | [666]_Dark · wall_segment Palisade Wall x1 |
| 11:38 | [666]_Dark · wall_segment Palisade Wall x1 |
| 11:39 | Musti-1997 · first_building Barracks |
| 11:40 | Hululu · first_building Archery Range |
| 11:46 | The Iron Marshal · age_up feudal |
| 12:00 | remobo · wall_segment Palisade Wall x16 |
| 12:00 | [666]_Dark · wall_segment Palisade Wall x1 |
| 12:01 | [666]_Dark · wall_segment Palisade Wall x1 |
| 12:01 | [666]_Dark · wall_segment Palisade Wall x1 |
| 12:16 | The Iron Marshal · first_building Stable |
| 12:25 | [666]_Dark · wall_segment Palisade Wall x2 |
| 12:25 | [666]_Dark · wall_segment Palisade Wall x1 |
| 12:28 | [666]_Dark · wall_segment Palisade Wall x1 |
| 13:18 | [666]_Dark · wall_segment Palisade Wall x1 |
| 13:19 | remobo · wall_segment Palisade Wall x1 |
| 13:27 | [666]_Dark · wall_segment Palisade Wall x1 |
| 13:29 | [666]_Dark · wall_segment Palisade Wall x1 |
| 13:37 | [666]_Dark · wall_segment Palisade Wall x1 |
| 13:38 | Musti-1997 · first_building Stable |
| 13:47 | [666]_Dark · wall_segment Palisade Wall x1 |
| 13:50 | [666]_Dark · wall_segment Palisade Wall x1 |
| 13:59 | [666]_Dark · wall_segment Palisade Wall x3 |
| 14:11 | [666]_Dark · wall_segment Palisade Wall x2 |
| 14:27 | [666]_Dark · wall_segment Palisade Wall x3 |
| 14:45 | [666]_Dark · wall_segment Palisade Wall x1 |
| 14:55 | [666]_Dark · wall_segment Palisade Wall x1 |
| 14:57 | [666]_Dark · wall_segment Palisade Wall x2 |
| 15:04 | the_bigfatpanda · first_market_buy 100 stone |
| 15:15 | Musti-1997 · age_up castle |
| 15:15 | [666]_Dark · wall_segment Palisade Wall x1 |
| 15:20 | [666]_Dark · wall_segment Palisade Wall x1 |
| 15:21 | [666]_Dark · wall_segment Palisade Wall x1 |
| 15:24 | the_bigfatpanda · age_up castle |
| 15:26 | Musti-1997 · first_building Siege Workshop |
| 15:28 | 战歌 · age_up castle |
| 15:36 | 战歌 · first_building Archery Range |
| 15:41 | The Iron Marshal · age_up castle |
| 15:47 | [666]_Dark · wall_segment Palisade Wall x1 |
| 15:50 | [666]_Dark · wall_segment Palisade Wall x1 |
| 16:05 | [666]_Dark · wall_segment Palisade Wall x1 |
| 16:07 | [666]_Dark · wall_segment Palisade Wall x2 |
| 16:24 | [666]_Dark · wall_segment Palisade Wall x1 |
| 16:25 | [666]_Dark · wall_segment Palisade Wall x1 |
| 16:26 | [666]_Dark · wall_segment Palisade Wall x1 |
| 16:32 | [666]_Dark · age_up feudal |
| 16:32 | [666]_Dark · wall_segment Palisade Wall x1 |
| 16:41 | the_bigfatpanda · wall_segment Palisade Wall x1 |
| 16:45 | the_bigfatpanda · wall_segment Palisade Wall x7 |
| 16:49 | [666]_Dark · wall_segment Stone Wall x4 |
| 16:56 | [666]_Dark · wall_segment Stone Wall x8 |
| 17:02 | 战歌 · first_building Monastery |
| 17:33 | remobo · wall_segment Palisade Wall x1 |
| 17:52 | remobo · age_up feudal |
| 18:02 | [666]_Dark · wall_segment Stone Wall x7 |
| 18:20 | [666]_Dark · first_building Barracks |
| 18:24 | the_bigfatpanda · first_building Monastery |
| 18:31 | Hululu · wall_segment Palisade Wall x1 |
| 18:46 | The Iron Marshal · first_building Siege Workshop |
| 19:39 | Hululu · wall_segment Stone Wall x1 |
| 19:53 | [666]_Dark · wall_segment Stone Wall x7 |
| 20:00 | [666]_Dark · wall_segment Stone Wall x6 |
| 20:36 | 战歌 · first_building Siege Workshop |
| 20:51 | 战歌 · wall_segment Stone Wall x9 |
| 20:57 | 战歌 · wall_segment Stone Wall x5 |
| 21:02 | the_bigfatpanda · first_building Barracks |
| 21:30 | 2rich4u81 · age_up castle |
| 21:42 | Hululu · wall_segment Palisade Wall x1 |
| 22:07 | 战歌 · wall_segment Stone Wall x3 |
| 22:44 | The Iron Marshal · first_market_buy 100 stone |
| 23:00 | the_bigfatpanda · first_building Stable |
| 24:15 | [666]_Dark · age_up castle |
| 24:42 | the_bigfatpanda · first_building Siege Workshop |
| 25:00 | Hululu · wall_segment Palisade Wall x1 |
| 26:31 | The Iron Marshal · first_building Monastery |
| 26:36 | 战歌 · first_building Castle |
| 26:55 | Hululu · first_market_buy 100 food |
| 27:00 | Hululu · first_market_sell 100 wood |
| 27:54 | [666]_Dark · first_market_buy 100 wood |
| 28:02 | remobo · first_building Barracks |
| 28:26 | Hululu · wall_segment Palisade Wall x1 |
| 28:39 | 2rich4u81 · first_building Monastery |
| 28:49 | Hululu · wall_segment Palisade Wall x1 |
| 28:50 | Hululu · wall_segment Palisade Wall x1 |
| 28:54 | Hululu · wall_segment Palisade Wall x1 |
| 29:17 | remobo · tribute_sent a jugador 2 |
| 29:17 | remobo · tribute_sent a jugador 3 |
| 29:17 | remobo · tribute_sent a jugador 4 |
| 29:17 | remobo · tribute_sent a jugador 5 |
| 29:17 | remobo · tribute_sent a jugador 6 |
| 29:17 | remobo · tribute_sent a jugador 7 |
| 29:17 | remobo · tribute_sent a jugador 8 |
| 29:29 | remobo · age_up castle |
| 29:34 | the_bigfatpanda · first_building Castle |
| 29:41 | remobo · first_building Castle |
| 29:43 | Hululu · age_up castle |
| 30:01 | Hululu · wall_segment Palisade Wall x1 |
| 30:19 | the_bigfatpanda · first_market_sell 100 food |
| 30:25 | The Iron Marshal · age_up imperial |
| 30:25 | Hululu · wall_segment Palisade Wall x1 |
| 30:38 | The Iron Marshal · first_building Archery Range |
| 30:47 | 2rich4u81 · first_building Siege Workshop |
| 30:53 | remobo · first_building Monastery |
| 30:54 | Hululu · first_building Monastery |
| 31:42 | 战歌 · age_up imperial |
| 32:50 | The Iron Marshal · first_building Castle |
| 33:21 | [666]_Dark · first_building Monastery |
| 33:34 | the_bigfatpanda · age_up imperial |
| 33:36 | [666]_Dark · first_building Castle |
| 33:41 | 2rich4u81 · age_up imperial |
| 34:01 | [666]_Dark · first_building Siege Workshop |
| 34:05 | 战歌 · first_market_sell 100 food |
| 34:47 | Musti-1997 · first_building Monastery |
| 34:51 | [666]_Dark · first_market_sell 100 food |
| 34:53 | remobo · age_up imperial |
| 35:37 | remobo · first_market_buy 100 wood |
| 38:04 | [666]_Dark · age_up imperial |
| 39:07 | 战歌 · wall_segment Stone Wall x1 |
| 39:47 | The Iron Marshal · first_market_sell 500 food |
| 40:29 | the_bigfatpanda · first_building Archery Range |
| 40:41 | Musti-1997 · age_up imperial |
| 42:05 | Musti-1997 · first_market_sell 100 food |
| 42:52 | the_bigfatpanda · tribute_sent a jugador 1 |
| 42:52 | the_bigfatpanda · tribute_sent a jugador 2 |
| 42:52 | the_bigfatpanda · tribute_sent a jugador 4 |
| 42:52 | the_bigfatpanda · tribute_sent a jugador 5 |
| 42:52 | the_bigfatpanda · tribute_sent a jugador 6 |
| 42:52 | the_bigfatpanda · tribute_sent a jugador 7 |
| 42:52 | the_bigfatpanda · tribute_sent a jugador 8 |
| 43:50 | Hululu · first_building Castle |
| 44:29 | remobo · wall_segment Stone Wall x16 |
| 45:01 | Hululu · wall_segment Stone Wall x1 |
| 45:13 | Hululu · wall_segment Palisade Wall x1 |
| 45:46 | remobo · wall_segment Stone Wall x7 |
| 46:58 | Hululu · wall_segment Palisade Wall x1 |
| 47:09 | 战歌 · wall_segment Palisade Wall x1 |
| 47:36 | Musti-1997 · tribute_sent a jugador 1 |
| 47:36 | Musti-1997 · tribute_sent a jugador 2 |
| 47:36 | Musti-1997 · tribute_sent a jugador 3 |
| 47:36 | Musti-1997 · tribute_sent a jugador 5 |
| 47:36 | Musti-1997 · tribute_sent a jugador 6 |
| 47:36 | Musti-1997 · tribute_sent a jugador 7 |
| 47:36 | Musti-1997 · tribute_sent a jugador 8 |
| 48:18 | the_bigfatpanda · tribute_sent a jugador 1 |
| 48:18 | the_bigfatpanda · tribute_sent a jugador 2 |
| 48:18 | the_bigfatpanda · tribute_sent a jugador 4 |
| 48:18 | the_bigfatpanda · tribute_sent a jugador 5 |
| 48:18 | the_bigfatpanda · tribute_sent a jugador 6 |
| 48:18 | the_bigfatpanda · tribute_sent a jugador 7 |
| 48:18 | the_bigfatpanda · tribute_sent a jugador 8 |
| 48:27 | 2rich4u81 · first_building Castle |
| 49:44 | Hululu · age_up imperial |
| 50:16 | Hululu · wall_segment Stone Wall x1 |
| 51:40 | the_bigfatpanda · tribute_sent a jugador 1 |
| 51:40 | the_bigfatpanda · tribute_sent a jugador 2 |
| 51:40 | the_bigfatpanda · tribute_sent a jugador 4 |
| 51:40 | the_bigfatpanda · tribute_sent a jugador 5 |
| 51:40 | the_bigfatpanda · tribute_sent a jugador 6 |
| 51:40 | the_bigfatpanda · tribute_sent a jugador 7 |
| 51:40 | the_bigfatpanda · tribute_sent a jugador 8 |
| 51:53 | Hululu · wall_segment Stone Wall x1 |
| 51:54 | Hululu · wall_segment Stone Wall x1 |
| 52:26 | Hululu · wall_segment Stone Wall x2 |
| 53:44 | Hululu · wall_segment Stone Wall x1 |
| 54:03 | the_bigfatpanda · tribute_sent a jugador 1 |
| 54:03 | the_bigfatpanda · tribute_sent a jugador 2 |
| 54:03 | the_bigfatpanda · tribute_sent a jugador 4 |
| 54:03 | the_bigfatpanda · tribute_sent a jugador 5 |
| 54:03 | the_bigfatpanda · tribute_sent a jugador 6 |
| 54:03 | the_bigfatpanda · tribute_sent a jugador 7 |
| 54:03 | the_bigfatpanda · tribute_sent a jugador 8 |
| 54:43 | remobo · resign |
| 58:45 | The Iron Marshal · tribute_sent a jugador 1 |
| 58:45 | The Iron Marshal · tribute_sent a jugador 2 |
| 58:45 | The Iron Marshal · tribute_sent a jugador 3 |
| 58:45 | The Iron Marshal · tribute_sent a jugador 4 |
| 58:45 | The Iron Marshal · tribute_sent a jugador 5 |
| 58:45 | The Iron Marshal · tribute_sent a jugador 6 |
| 58:45 | The Iron Marshal · tribute_sent a jugador 7 |
| 59:11 | Hululu · wall_segment Stone Wall x2 |
[ ANÁLISIS IA · 1 CRÉDITO ]
¿Qué pasó realmente en esta partida?
Wolo.gg analiza cada decisión: build order, eco, micro, errores típicos por bracket. Análisis personalizado por WhatsApp o Discord en 30 segundos.
Guía civ
Eslavos
Perfil
Jugador #2029144